General information
- name: BNet
- type: Ladder team game (AT/RT)
- host: Battle.net
- saver: lossgifter
map: DragonFalls
- players: 8
- length: 39:24
- speed: Fast
- version: 1.28 W3XP
- replay type: Public
» download(266 KB)
Players
team 1 (loser)
chernoba (
green | 51 APM | 1961 actions | 38:37)
5 Death Knight
3 Death Coil
2 Unholy Aura
4 Lich
2 Frost Nova
2 Frost Armor
» actions
| Assign group hotkey | 48 | |
| Basic commands | 6 | |
| Build / train | 65 | |
| Enter build submenu | 18 | |
| Enter hero's abilities submenu | 9 | |
| Give item / drop item | 4 | |
| Right click | 841 | |
| Select / deselect | 292 | |
| Select group hotkey | 575 | |
| Use ability | 102 | |
1961 total
» units
| Acolyte | 6 | |
| Crypt Fiend | 8 | |
| Ghoul | 7 | |
| Frost Wyrm | 6 | |
27 total
» upgrades
| Creature Attack | 2 | |
| Creature Carapace | 1 | |
| Web | 1 | |
| Freezing Breath | 1 | |
5 total
» buildings
| Ziggurat | 6 | |
| Altar of Darkness | 2 | |
| Crypt | 1 | |
| Graveyard | 1 | |
| Tomb of Relics | 1 | |
| Spirit Tower | 4 | |
| Nerubian Tower | 1 | |
| Halls of the Dead | 1 | |
| Sacrificial Pit | 1 | |
| Black Citadel | 3 | |
| Boneyard | 2 | |
23 total
» build order
00:19 Ziggurat
00:25 Altar of Darkness
01:21 Crypt
01:24 Graveyard
01:30 Tomb of Relics
02:13 Ziggurat
04:05 Spirit Tower
04:05 Spirit Tower
04:08 Nerubian Tower
05:23 Ziggurat
06:03 Halls of the Dead
07:39 Ziggurat
10:34 Sacrificial Pit
11:44 Black Citadel
11:44 Black Citadel
11:45 Black Citadel
13:14 Spirit Tower
13:15 Spirit Tower
14:17 Boneyard
14:18 Boneyard
14:20 Altar of Darkness
20:21 Ziggurat
20:22 Ziggurat
» items
| Rod of Necromancy | 3 | |
| Dust of Appearance | 2 | |
| Circlet of Nobility | 1 | |
| Scroll of Town Portal | 2 | |
| Lesser Clarity Potion | 1 | |
9 total
lossgifter (
yellow | 97 APM | 3838 actions | 39:24)
7 Blademaster
3 Wind Walk
3 Critical Strike
1 Bladestorm
» actions
| Assign group hotkey | 85 | |
| Basic commands | 280 | |
| Build / train | 121 | |
| ESC pressed | 1 | |
| Enter build submenu | 28 | |
| Enter hero's abilities submenu | 8 | |
| Give item / drop item | 25 | |
| Remove unit from queue | 1 | |
| Right click | 1485 | |
| Select / deselect | 402 | |
| Select group hotkey | 1206 | |
| Use ability | 195 | |
3838 total
» units
| Peon | 11 | |
| Grunt | 5 | |
| Goblin Shredder | 4 | |
| Wind Rider | 11 | |
| Goblin Zeppelin | 3 | |
34 total
» upgrades
| Armor | 3 | |
| Berserker Strength | 1 | |
| Pillage | 1 | |
| Ranged Weapons | 3 | |
| Envenomed Spears | 1 | |
| Reinforced Defenses | 1 | |
| Liquid Fire | 1 | |
| Melee Weapons | 3 | |
| Troll Regeneration | 1 | |
| War Drums Damage Increase | 1 | |
| Ensnare | 1 | |
| Shaman Training | 2 | |
| Spiked Barricades | 3 | |
| Witch Doctor Training | 2 | |
| Spirit Walker Training | 2 | |
| Backpack | 1 | |
| Berserker Upgrade | 1 | |
| Burning Oil | 1 | |
29 total
» buildings
| Orc Burrow | 6 | |
| Altar of Storms | 1 | |
| Barracks | 1 | |
| Voodoo Lounge | 1 | |
| War Mill | 1 | |
| Great Hall | 1 | |
| Stronghold | 4 | |
| Watch Tower | 10 | |
| Fortress | 4 | |
| Beastiary | 4 | |
| Spirit Lodge | 1 | |
34 total
» build order
00:07 Orc Burrow
00:11 Orc Burrow
00:38 Altar of Storms
01:24 Barracks
01:58 Voodoo Lounge
02:25 War Mill
03:11 Orc Burrow
04:38 Great Hall
05:05 Stronghold
05:06 Stronghold
05:06 Stronghold
07:36 Watch Tower
07:38 Watch Tower
07:39 Watch Tower
07:45 Watch Tower
08:28 Fortress
08:28 Fortress
08:28 Fortress
08:52 Beastiary
09:30 Beastiary
10:04 Beastiary
10:07 Watch Tower
10:09 Watch Tower
11:13 Watch Tower
13:26 Orc Burrow
13:27 Orc Burrow
15:04 Watch Tower
16:03 Beastiary
16:08 Spirit Lodge
16:40 Watch Tower
16:41 Watch Tower
23:47 Orc Burrow
» items
| Healing Salve | 4 | |
| Boots of Speed | 1 | |
| Lesser Clarity Potion | 4 | |
| Potion of Mana | 3 | |
| Staff of Teleportation | 1 | |
| Scroll of Town Portal | 5 | |
| Orb of Lightning | 1 | |
| Potion of Healing | 3 | |
| Tiny Great Hall | 1 | |
23 total
HungryMan (
teal | 56 APM | 1685 actions | 29:50)
5 Mountain King
3 Storm Bolt
2 Bash
» actions
| Assign group hotkey | 19 | |
| Basic commands | 75 | |
| Build / train | 96 | |
| ESC pressed | 5 | |
| Enter build submenu | 66 | |
| Enter hero's abilities submenu | 5 | |
| Give item / drop item | 2 | |
| Right click | 485 | |
| Select / deselect | 441 | |
| Select group hotkey | 363 | |
| Use ability | 128 | |
1685 total
» units
| Peasant | 16 | |
| Spell Breaker | 8 | |
| Priest | 6 | |
30 total
» upgrades
| Masonry | 3 | |
| Swords | 3 | |
| Plating | 3 | |
| Lumber Harvesting | 1 | |
| Magic Sentry | 1 | |
| Priest Training | 2 | |
| Control Magic | 1 | |
14 total
» buildings
| Altar of Kings | 1 | |
| Farm | 13 | |
| Lumber Mill | 1 | |
| Scout Tower | 32 | |
| Arcane Tower | 7 | |
| Guard Tower | 17 | |
| Arcane Vault | 1 | |
| Keep | 1 | |
| Blacksmith | 1 | |
| Arcane Sanctum | 4 | |
| Town Hall | 4 | |
| Castle | 1 | |
83 total
» build order
00:07 Altar of Kings
00:13 Farm
00:17 Farm
01:02 Lumber Mill
01:08 Farm
01:17 Scout Tower
01:20 Scout Tower
01:46 Scout Tower
01:50 Scout Tower
02:03 Scout Tower
02:23 Arcane Tower
02:33 Scout Tower
02:39 Guard Tower
02:48 Arcane Vault
02:53 Guard Tower
03:11 Guard Tower
03:19 Scout Tower
03:46 Scout Tower
03:48 Arcane Tower
04:09 Arcane Tower
04:10 Guard Tower
04:14 Scout Tower
04:21 Guard Tower
04:43 Arcane Tower
04:49 Scout Tower
05:11 Keep
05:26 Farm
05:27 Guard Tower
05:48 Blacksmith
06:09 Scout Tower
06:12 Farm
06:31 Scout Tower
06:32 Farm
06:43 Scout Tower
06:48 Guard Tower
07:12 Guard Tower
07:38 Arcane Sanctum
07:40 Arcane Sanctum
07:49 Arcane Sanctum
07:56 Arcane Sanctum
09:04 Scout Tower
09:05 Farm
09:39 Guard Tower
13:19 Town Hall
13:22 Scout Tower
13:53 Scout Tower
13:54 Guard Tower
14:28 Guard Tower
14:30 Scout Tower
15:03 Arcane Tower
17:54 Town Hall
18:02 Scout Tower
18:32 Scout Tower
18:34 Guard Tower
19:00 Scout Tower
19:01 Guard Tower
19:34 Arcane Tower
19:36 Scout Tower
20:05 Guard Tower
20:07 Scout Tower
20:37 Guard Tower
20:54 Scout Tower
20:57 Scout Tower
21:01 Scout Tower
21:38 Arcane Tower
21:39 Guard Tower
21:49 Castle
22:03 Farm
22:04 Farm
22:24 Town Hall
22:58 Farm
22:59 Farm
23:54 Scout Tower
23:54 Scout Tower
23:55 Scout Tower
23:57 Scout Tower
23:58 Scout Tower
24:10 Farm
24:12 Farm
24:28 Guard Tower
26:13 Town Hall
26:50 Scout Tower
26:51 Scout Tower
» items
| Scroll of Regeneration | 4 | |
| Lesser Clarity Potion | 3 | |
| Potion of Healing | 3 | |
| Potion of Mana | 2 | |
| Scroll of Town Portal | 4 | |
| Potion of Lesser Invulnerability | 2 | |
| Boots of Speed | 1 | |
| Scroll of Healing | 1 | |
20 total
BigolRumproast (
blue | 53 APM | 1693 actions | 31:58)
5 Death Knight
3 Death Coil
2 Unholy Aura
2 Lich
1 Frost Nova
1 Frost Armor
» actions
| Assign group hotkey | 36 | |
| Basic commands | 270 | |
| Build / train | 76 | |
| ESC pressed | 4 | |
| Enter build submenu | 23 | |
| Enter hero's abilities submenu | 7 | |
| Right click | 472 | |
| Select / deselect | 352 | |
| Select group hotkey | 313 | |
| Use ability | 139 | |
1693 total
» units
| Acolyte | 3 | |
| Ghoul | 5 | |
| Crypt Fiend | 17 | |
| Obsidian Statue | 7 | |
| Meatwagon | 1 | |
| Frost Wyrm | 8 | |
41 total
» upgrades
| Creature Attack | 2 | |
| Burrow | 1 | |
| Destroyer Form | 1 | |
| Creature Carapace | 1 | |
| Web | 1 | |
6 total
» buildings
| Graveyard | 1 | |
| Crypt | 1 | |
| Ziggurat | 8 | |
| Altar of Darkness | 1 | |
| Nerubian Tower | 1 | |
| Tomb of Relics | 1 | |
| Halls of the Dead | 1 | |
| Spirit Tower | 1 | |
| Slaughterhouse | 1 | |
| Sacrificial Pit | 1 | |
| Black Citadel | 2 | |
| Boneyard | 1 | |
| Necropolis | 1 | |
21 total
» build order
00:13 Graveyard
00:17 Crypt
00:38 Ziggurat
00:55 Altar of Darkness
01:10 Ziggurat
01:33 Nerubian Tower
02:08 Tomb of Relics
04:23 Halls of the Dead
05:13 Spirit Tower
06:00 Ziggurat
06:01 Ziggurat
07:00 Slaughterhouse
07:23 Sacrificial Pit
07:25 Ziggurat
08:43 Black Citadel
10:45 Ziggurat
10:54 Ziggurat
10:57 Ziggurat
11:08 Boneyard
22:36 Necropolis
» items
| Rod of Necromancy | 1 | |
| Dust of Appearance | 1 | |
| Scroll of Town Portal | 1 | |
| Lesser Clarity Potion | 1 | |
| Scroll of Regeneration | 5 | |
9 total
team 2 (winner)
ballsack (
orange | 128 APM | 4064 actions | 31:37)
4 Blademaster
2 Wind Walk
2 Critical Strike
2 Shadow Hunter
1 Hex
1 Healing Wave
» actions
| Assign group hotkey | 70 | |
| Basic commands | 225 | |
| Build / train | 111 | |
| ESC pressed | 7 | |
| Enter build submenu | 35 | |
| Enter hero's abilities submenu | 6 | |
| Give item / drop item | 13 | |
| Remove unit from queue | 1 | |
| Right click | 1465 | |
| Select / deselect | 662 | |
| Select group hotkey | 1261 | |
| Use ability | 208 | |
4064 total
» units
| Peon | 25 | |
| Grunt | 4 | |
| Raider | 7 | |
| Spirit Walker | 4 | |
| Kodo Beast | 1 | |
| Troll Batrider | 22 | |
| Goblin Zeppelin | 1 | |
| Goblin Shredder | 1 | |
65 total
» upgrades
| Ensnare | 1 | |
| Spirit Walker Training | 2 | |
| Backpack | 0 | |
| Armor | 1 | |
| Melee Weapons | 1 | |
| Pillage | 1 | |
| Reinforced Defenses | 1 | |
| Witch Doctor Training | 1 | |
8 total
» buildings
| Altar of Storms | 1 | |
| Orc Burrow | 9 | |
| Voodoo Lounge | 4 | |
| Barracks | 1 | |
| Stronghold | 2 | |
| War Mill | 3 | |
| Beastiary | 4 | |
| Spirit Lodge | 1 | |
| Great Hall | 2 | |
| Watch Tower | 3 | |
| Fortress | 2 | |
32 total
» build order
00:07 Altar of Storms
00:16 Orc Burrow
01:24 Voodoo Lounge
01:31 Barracks
01:40 Orc Burrow
03:36 Stronghold
03:36 Stronghold
04:09 Orc Burrow
05:10 War Mill
05:20 War Mill
05:29 War Mill
06:06 Beastiary
06:15 Spirit Lodge
07:04 Great Hall
07:21 Orc Burrow
09:24 Orc Burrow
10:30 Orc Burrow
10:39 Voodoo Lounge
10:41 Watch Tower
11:31 Watch Tower
11:40 Watch Tower
13:36 Fortress
19:03 Voodoo Lounge
21:18 Great Hall
21:35 Beastiary
21:36 Beastiary
21:40 Beastiary
22:19 Voodoo Lounge
22:46 Orc Burrow
22:46 Orc Burrow
22:49 Orc Burrow
» items
| Healing Salve | 3 | |
| Scroll of Speed | 2 | |
| Potion of Lesser Invulnerability | 2 | |
| Dust of Appearance | 1 | |
| Scroll of Healing | 1 | |
| Lesser Clarity Potion | 1 | |
| Scroll of Regeneration | 1 | |
| Scroll of Town Portal | 1 | |
| Potion of Healing | 1 | |
| Tiny Great Hall | 2 | |
15 total
MAGE.BAGE (
pink | 66 APM | 2601 actions | 39:24)
7 Blademaster
3 Wind Walk
3 Critical Strike
1 Bladestorm
» actions
| Assign group hotkey | 36 | |
| Basic commands | 67 | |
| Build / train | 74 | |
| Enter build submenu | 31 | |
| Enter hero's abilities submenu | 7 | |
| Give item / drop item | 2 | |
| Remove unit from queue | 1 | |
| Right click | 1140 | |
| Select / deselect | 350 | |
| Select group hotkey | 737 | |
| Use ability | 156 | |
2601 total
» units
| Peon | 10 | |
| Goblin Shredder | 5 | |
| Wind Rider | 7 | |
| Goblin Zeppelin | 1 | |
| Green Drake | 1 | |
| Green Dragon | 7 | |
| Troll Batrider | 6 | |
| Raider | 2 | |
39 total
» upgrades
| Reinforced Defenses | 1 | |
| Envenomed Spears | 1 | |
| Ranged Weapons | 2 | |
| Armor | 2 | |
6 total
» buildings
| Altar of Storms | 1 | |
| Orc Burrow | 6 | |
| War Mill | 1 | |
| Voodoo Lounge | 1 | |
| Stronghold | 2 | |
| Watch Tower | 39 | |
| Great Hall | 1 | |
| Fortress | 1 | |
| Beastiary | 4 | |
56 total
» build order
00:08 Altar of Storms
00:21 Orc Burrow
00:52 War Mill
01:13 Voodoo Lounge
02:15 Stronghold
02:39 Watch Tower
02:56 Watch Tower
03:37 Great Hall
04:01 Orc Burrow
04:11 Watch Tower
05:15 Watch Tower
05:35 Watch Tower
06:06 Fortress
06:19 Watch Tower
06:34 Beastiary
07:27 Beastiary
08:03 Watch Tower
08:09 Watch Tower
08:20 Watch Tower
09:15 Orc Burrow
10:41 Watch Tower
12:13 Watch Tower
12:17 Watch Tower
12:17 Watch Tower
12:25 Orc Burrow
12:25 Orc Burrow
13:31 Beastiary
13:35 Orc Burrow
15:56 Watch Tower
16:33 Beastiary
16:36 Watch Tower
18:21 Watch Tower
18:21 Watch Tower
18:21 Watch Tower
18:22 Watch Tower
18:22 Watch Tower
18:23 Watch Tower
18:23 Watch Tower
18:23 Watch Tower
18:24 Watch Tower
18:24 Watch Tower
19:50 Watch Tower
19:51 Stronghold
20:55 Watch Tower
20:55 Watch Tower
20:56 Watch Tower
20:56 Watch Tower
20:58 Watch Tower
20:59 Watch Tower
22:46 Watch Tower
22:47 Watch Tower
22:47 Watch Tower
22:48 Watch Tower
22:49 Watch Tower
22:49 Watch Tower
22:50 Watch Tower
» items
| Healing Salve | 3 | |
| Potion of Mana | 1 | |
| Lesser Clarity Potion | 2 | |
| Orb of Lightning | 1 | |
| Potion of Lesser Invulnerability | 1 | |
| Staff of Teleportation | 2 | |
| Tiny Great Hall | 1 | |
| Scroll of Town Portal | 4 | |
15 total

»
Clown_Lotion (
red | 39 APM | 940 actions | 24:22)
4 Archmage
1 Blizzard
2 Summon Water Elemental
1 Brilliance Aura
2 Paladin
1 Holy Light
1 Divine Shield
» actions
| Assign group hotkey | 22 | |
| Build / train | 62 | |
| ESC pressed | 2 | |
| Enter build submenu | 21 | |
| Enter hero's abilities submenu | 6 | |
| Right click | 326 | |
| Select / deselect | 248 | |
| Select group hotkey | 186 | |
| Use ability | 67 | |
940 total
» units
| Peasant | 11 | |
| Footman | 3 | |
| Rifleman | 9 | |
| Priest | 4 | |
| Sorceress | 3 | |
| Spell Breaker | 2 | |
| Siege Engine | 2 | |
34 total
» upgrades
| Gunpowder | 2 | |
| Priest Training | 2 | |
| Sorceress Training | 2 | |
| Lumber Harvesting | 2 | |
| Barrage | 1 | |
| Flying Machine Bombs | 1 | |
10 total
» buildings
| Altar of Kings | 1 | |
| Farm | 8 | |
| Barracks | 1 | |
| Scout Tower | 1 | |
| Arcane Tower | 1 | |
| Keep | 1 | |
| Lumber Mill | 1 | |
| Blacksmith | 3 | |
| Arcane Vault | 1 | |
| Arcane Sanctum | 2 | |
| Town Hall | 1 | |
| Castle | 1 | |
| Workshop | 1 | |
23 total
» build order
00:22 Altar of Kings
00:37 Farm
00:51 Barracks
01:15 Farm
01:52 Scout Tower
02:32 Arcane Tower
02:49 Keep
03:54 Lumber Mill
03:59 Blacksmith
04:02 Arcane Vault
04:08 Blacksmith
04:16 Blacksmith
04:44 Farm
05:16 Arcane Sanctum
05:20 Arcane Sanctum
05:26 Farm
07:30 Farm
07:37 Farm
08:35 Town Hall
10:27 Castle
10:30 Workshop
16:10 Farm
16:12 Farm
» items
| Lesser Clarity Potion | 1 | |
| Healing Salve | 1 | |
| Potion of Healing | 1 | |
3 total
MoKacinno (
purple | 53 APM | 1319 actions | 25:05)
4 Blademaster
2 Wind Walk
2 Critical Strike
» actions
| Assign group hotkey | 25 | |
| Basic commands | 30 | |
| Build / train | 51 | |
| ESC pressed | 3 | |
| Enter build submenu | 18 | |
| Enter hero's abilities submenu | 4 | |
| Give item / drop item | 1 | |
| Right click | 524 | |
| Select / deselect | 235 | |
| Select group hotkey | 389 | |
| Use ability | 39 | |
1319 total
» units
| Peon | 8 | |
| Grunt | 4 | |
| Tauren | 11 | |
| Shaman | 7 | |
30 total
» upgrades
| Armor | 2 | |
| Shaman Training | 2 | |
| Melee Weapons | 2 | |
| Pulverize | 1 | |
| Reinforced Defenses | 1 | |
8 total
» buildings
| Altar of Storms | 1 | |
| Orc Burrow | 7 | |
| Barracks | 1 | |
| War Mill | 2 | |
| Stronghold | 1 | |
| Fortress | 1 | |
| Spirit Lodge | 1 | |
| Tauren Totem | 2 | |
| Voodoo Lounge | 1 | |
| Beastiary | 1 | |
18 total
» build order
00:27 Altar of Storms
00:40 Orc Burrow
00:55 Barracks
01:10 War Mill
02:02 Orc Burrow
03:15 Stronghold
04:19 Orc Burrow
05:01 Orc Burrow
05:40 Fortress
06:01 Spirit Lodge
07:00 Orc Burrow
08:06 Tauren Totem
08:15 Tauren Totem
08:27 Voodoo Lounge
14:48 War Mill
20:07 Orc Burrow
20:48 Orc Burrow
23:14 Beastiary
» items
| Healing Salve | 2 | |
| Orb of Lightning | 1 | |
| Scroll of Town Portal | 2 | |
| Lesser Clarity Potion | 1 | |
6 total
Chat log
(00:20 / Allies) BigolRumproast: 100g?
(00:25 / Allies) HungryMan: foot to breaker preist
(00:26 / Allies) HungryMan: MK
(03:37 / Allies) HungryMan: ty
(04:40 / Allies) BigolRumproast: r u taking?
(04:44 / Allies) lossgifter: yeh
(04:53 / Allies) BigolRumproast: i have dust
(04:53 / Allies) lossgifter: bm
(04:57 / Allies) BigolRumproast: thx
(05:48 / Allies) lossgifter: I'll give 1k for that pendant
(05:50 / Allies) lossgifter: green
(05:59 / Allies) lossgifter: ty
(06:19 / Allies) chernoba: no need for more
(06:23 / Allies) lossgifter: thanks man
(07:43 / Allies) BigolRumproast: comn
(10:19 / Allies) HungryMan: tits
(11:49 / Allies) HungryMan: u taking the mine green?
(12:02 / Allies) chernoba: get it
(12:05 / Allies) HungryMan: k ty
(12:08 / Allies) HungryMan: ya
(12:59 / Allies) BigolRumproast: in base
(13:57 / Allies) HungryMan: haha
(14:57 / Allies) HungryMan: omw
(15:59 / Allies) BigolRumproast: tjx gius
(16:12 / Allies) HungryMan: any spare gold?
(16:17 / Allies) BigolRumproast: sry
(16:23 / Allies) HungryMan: ty
(16:33 / Allies) BigolRumproast: stay in b
(16:35 / Allies) BigolRumproast: thx
(17:28 / Allies) lossgifter: shit tanks
(17:38 / Allies) BigolRumproast: were fine
(17:54 / Allies) BigolRumproast: we cna rape those guys
(17:57 / Allies) HungryMan: ya
(18:04 / Allies) BigolRumproast: touch their butts
(18:23 / Allies) BigolRumproast: sexyy
(18:31 / All) ballsack: TP
(18:33 / Allies) lossgifter: all that with 50 food lol
(18:47 / All) HungryMan: hehe
(18:49 / All) lossgifter: rape
(18:54 / Allies) BigolRumproast: its ok tho
(19:06 / Allies) BigolRumproast: if someone want to tp
(19:08 / Allies) BigolRumproast: but its ok
(19:16 / Allies) HungryMan: dont ahve one
(19:17 / Allies) HungryMan: sry
(19:18 / Allies) chernoba: let s tp?
(19:21 / Allies) BigolRumproast: yes
(19:32 / Allies) HungryMan: i have no aa anyway
(19:38 / Allies) BigolRumproast: its fine he doesnt have much
(19:39 / Allies) BigolRumproast: we iwll win
(19:40 / All) lossgifter: 660 mana
(19:43 / All) lossgifter: I have infinite wind walks
(19:54 / Allies) HungryMan: i take out oj expo down there
(19:56 / Allies) HungryMan: you go top corner
(20:01 / Allies) chernoba: get tp to go yellow
(20:05 / Allies) chernoba: wellow get bats
(21:01 / Allies) BigolRumproast: k comn
(21:30 / Allies) BigolRumproast: thx
(21:40 / Allies) BigolRumproast: pooed on
(22:08 / Allies) BigolRumproast: lets finish we won : )
(22:12 / Allies) HungryMan: ya
(22:12 / Allies) HungryMan: gj
(22:39 / Allies) BigolRumproast: thx dawg
(23:32 / All) HungryMan: red
(23:38 / All) HungryMan: the armored gordita sends his regards
(23:59 / All) BigolRumproast: gg
(24:34 / Allies) BigolRumproast: we won anyway
(24:49 / Allies) HungryMan: ty
(24:55 / Allies) chernoba: ?
(25:20 / Allies) BigolRumproast: hes tking
(25:21 / Allies) BigolRumproast: hahaha
(25:26 / All) HungryMan: rekt
(25:34 / All) ballsack: Whats rekt
(25:41 / All) HungryMan: your ballsack
(25:49 / All) ballsack: ?
(25:53 / All) BigolRumproast: gg guys
(25:55 / All) ballsack: What about my ballsack
(25:58 / All) BigolRumproast: temamate is tking tho
(26:00 / All) BigolRumproast: so dont leave
(26:05 / All) BigolRumproast: kill em
(26:09 / All) lossgifter: Green wants to suck my balls
(26:14 / All) lossgifter: and teal
(26:23 / All) BigolRumproast: no one wants those stinky things man
(26:25 / All) BigolRumproast: Take a shower
(26:26 / Allies) chernoba: 1
(26:33 / All) chernoba: ?
(26:42 / All) lossgifter: Orange why are you hitting the tker lol
(26:48 / All) lossgifter: retard
(26:53 / All) ballsack: idk
(26:54 / All) BigolRumproast: loss gifter is the tker this dumbass
(26:55 / All) ballsack: whos tk
(26:55 / All) BigolRumproast: hahahahaha
(27:03 / Allies) BigolRumproast: dont listen mto him hes an idiot
(27:04 / All) HungryMan: man i really need to pee
(27:06 / All) ballsack: i dont care about win anyway
(27:11 / All) BigolRumproast: nor do i but my teammate does haha
(27:15 / All) BigolRumproast: GG just letting it sit
(27:27 / All) lossgifter: teal trying to mass expand
(28:02 / All) HungryMan: kek
(28:08 / All) MAGE.BAGE: noobbbbb
(28:12 / All) HungryMan: lawl
(28:16 / All) HungryMan: damn i really need to pee
(28:31 / All) HungryMan: cya chump
(29:03 / All) lossgifter: cya, chump
(29:09 / All) HungryMan: yeah pink
(29:10 / All) HungryMan: eat it
(29:11 / Allies) chernoba: ok
(29:18 / All) MAGE.BAGE: me > u
(29:20 / All) BigolRumproast: haha chump... this kid must really have problems with getting beat up
(29:23 / All) HungryMan: me top score
(29:30 / All) BigolRumproast: takes it out on WC
(29:41 / All) BigolRumproast: get emmm
(29:42 / All) HungryMan: got clown lotion
(29:44 / All) HungryMan: all that matters
(29:46 / All) HungryMan: im gonna go pee
(29:49 / All) HungryMan: cya faggot niggers
(31:07 / All) lossgifter: Listen up
(31:12 / All) lossgifter: Pink and I were in this together
(31:15 / All) BigolRumproast: LISTEN UP
(31:17 / All) BigolRumproast: HAHAHAHAHAHAHAHA
(31:17 / All) lossgifter: we're going to kill everything including our own units
(31:22 / All) lossgifter: and leave nothing left
(31:27 / All) BigolRumproast: LOL
(31:30 / All) lossgifter: but buildings, no way to finish the other
(31:35 / All) lossgifter: will you all leave your pcs on all night for the win?
(31:38 / All) BigolRumproast: so cool SO COOL
(31:44 / All) lossgifter: thanks, my mom says so too
(31:47 / All) BigolRumproast: dude no 1 cares about the win
(31:54 / All) BigolRumproast: HAHA im sure she does dude
(31:56 / All) BigolRumproast: ur #1 fan
(31:57 / All) lossgifter: you do, you're still here
(39:11 / All) lossgifter: I'd say stats but you're afk for whatever reason
(39:14 / All) lossgifter: so my team lose